 Dungeon Crawl Stone Soup version 0.31.0-32-g396128a36d (webtiles) character file.

Game seed: 9877761749371431409

7793 Ega the Grappler (level 11, -23/107 HPs)
             Began as a Troll Fighter on Mar 28, 2024.
             Was a Priest of Wu Jian.
             Annihilated by a two-headed ogre
             ... wielding a +0 giant spiked club
              (26 damage)
             ... on level 10 of the Dungeon.
             The game lasted 00:24:46 (9186 turns).

Ega the Grappler (Troll Fighter)                    Turns: 9186, Time: 00:24:47

Health: -23/107    AC:  5    Str: 26    XL:     11   Next: 1%
Magic:  11/11      EV: 11    Int: 10    God:    Wu Jian [***...]
Gold:   518        SH: 10    Dex: 13    Spells: 10/12 levels left

rFire   + .          .
                       - Unarmed
rCold   . . .        b - +0 kite shield
rNeg    . . .        d - +1 robe {rF+}
rPois   .            (helmet restricted)
rElec   .            (no cloak)
rCorr   .            (gloves unavailable)
SInv    .            (boots unavailable)
Will    .....        (no amulet)
Stlth   +            h - +6 ring of intelligence
HPRegen 1.17/turn    (no ring)
MPRegen 0.12/turn

%: no passive effects
@: no status effects
A: large, unfitting armour, claws 3, regeneration 1, shaggy fur 1, tough skin 1
a: Renounce Religion, Wall Jump, Serpent's Lash


You were on level 10 of the Dungeon.
You worshipped Wu Jian.
Wu Jian was most pleased with you.
You visited 2 branches of the dungeon, and saw 11 of its levels.
You also visited: Ossuary.

You collected 518 gold pieces.

Inventory:

Missiles
 e - 85 stones (quivered)
 v - 2 throwing nets
Armour
 b - a +0 kite shield (worn)
 d - a +1 robe of fire resistance (worn)
 I - +0 steam dragon scales
Jewellery
 h - a +6 ring of intelligence (left claw)
 q - a ring of magical power
 w - a ring of protection from fire
 D - an amulet of guardian spirit
 E - a ring of willpower
 F - a +6 ring of dexterity
Wands
 u - a wand of digging (7)
 B - a wand of paralysis (8)
 C - a wand of flame (34)
Scrolls
 a - a scroll of enchant weapon {unknown}
 i - a scroll of immolation
 m - 2 scrolls of identify
 o - 3 scrolls of revelation
 p - a scroll of enchant armour
 r - 3 scrolls of teleportation
 t - a scroll of fog {unknown}
 x - a scroll of brand weapon
 y - a scroll of amnesia
 H - a scroll of vulnerability {unknown}
Potions
 c - 3 potions of might
 f - 4 potions of lignification
 g - 3 potions of brilliance
 j - 3 potions of enlightenment
 k - a potion of berserk rage
 l - 3 potions of curing
 n - 5 potions of heal wounds
 s - 2 potions of attraction {unknown}
 z - 2 potions of resistance
 A - a potion of mutation {unknown}
 G - a potion of haste {unknown}


   Skills:
 + Level 6.7 Fighting
 + Level 6.7 Dodging
 + Level 7.3 Shields
 * Level 10.8 Unarmed Combat
 + Level 1.2 Spellcasting
 + Level 1.4 Translocations


You had 10 spell levels left.
You knew the following spells:

 Your Spells              Type           Power      Damage    Failure   Level
a - Blink                 Tloc           6%         N/A       45%         2

Your spell library contained the following spells:

 Spells                   Type           Power      Damage    Failure   Level
 Lesser Beckoning         Tloc           6%         N/A       45%         2
 Summon Small Mammal      Summ           0%         N/A       52%         1
 Momentum Strike          Conj/Tloc      4%         3d8       56%         2
 Call Imp                 Summ           0%         N/A       67%         2
 Sublimation of Blood     Necr           0%         N/A       67%         2
 Call Canine Familiar     Summ           0%         N/A       88%         3
 Tukima's Dance           Hex            0%         N/A       88%         3
 Dimensional Bullseye     Hex/Tloc       1%         N/A       99%         4
 Iskenderun's Mystic Bla  Conj/Tloc      2%         2d3       99%         4
 Summon Blazeheart Golem  Fire/Summ      0%         N/A       99%         4
 Summon Hydra             Summ           0%         N/A       100%        7


Dungeon Overview and Level Annotations

Branches:
Dungeon (10/15)            Temple (1/1) D:5         Ossuary (visited)
   Lair: D:8-11         Orc: D:9-12

Altars:
Ashenzari
Cheibriados
Dithmenos
Elyvilon
Fedhas
Gozag
Hepliaklqana
Kikubaaqudgha
Makhleb
Nemelex Xobeh
Okawaru
Qazlal
Ru
Sif Muna
Trog
Uskayaw
Vehumet
Wu Jian
Xom
Yredelemnul
Zin
The Shining One

Shops:
D:1 *   D:4 :!==   D:8 =

Annotations:
D:9 Gastronok
D:10 3 runed translucent doors, Longtemps's ghost, novice OpFE


Innate Abilities, Weirdness & Mutations

You are too large for most types of armour.
You have claws for hands.
Your natural rate of healing is unusually fast.
You are covered in fur. (AC +1)
You have tough skin. (AC +1)


Message History

The two-headed ogre is lightly wounded.
You scratch the two-headed ogre but do no damage.
The two-headed ogre is lightly wounded.
The two-headed ogre hits you with a +0 giant spiked club.
The two-headed ogre hits you with a +0 giant spiked club!
You closely miss the two-headed ogre.
The two-headed ogre is lightly wounded.
A centaur comes into view.
You block the two-headed ogre's attack.
The two-headed ogre hits you with a +0 giant spiked club!
The centaur moves out of view.
You mangle the two-headed ogre!!
The two-headed ogre is heavily wounded.
You barely miss the two-headed ogre.
The two-headed ogre is heavily wounded.
The two-headed ogre hits you with a +0 giant spiked club!
The two-headed ogre hits you with a +0 giant spiked club!!
You scratch the two-headed ogre.
The two-headed ogre is heavily wounded.
You claw the two-headed ogre!
The two-headed ogre is severely wounded.
You block the two-headed ogre's attack. The two-headed ogre closely misses you.
You scratch the two-headed ogre.
The two-headed ogre is almost dead.
The two-headed ogre closely misses you. You block the two-headed ogre's attack.
You barely miss the two-headed ogre.
The two-headed ogre is almost dead.
You scratch the two-headed ogre but do no damage.
The two-headed ogre is almost dead.
The two-headed ogre hits you with a +0 giant spiked club!!
* * * LOW HITPOINT WARNING * * *
You block the two-headed ogre's attack.
You completely miss the two-headed ogre.
The two-headed ogre is severely wounded.
You scratch the two-headed ogre.
The two-headed ogre is almost dead.
The two-headed ogre hits you with a +0 giant spiked club!!
* * * LOW HITPOINT WARNING * * *
The two-headed ogre hits you with a +0 giant spiked club!!
You die...

...# ######.... ...#
#.### )..# #.# ..$
#.# .. #.# ##.# ##.#
# #..# #..### #.#
#.###P #@# #####.###♣
####O##### #.......#♣
#........###.......##
#........'..........#
#........###.........
#........# #.........
.'........#
#........#
..#........#
#........#
..##........#
#...>....#


You could see a two-headed ogre.

Vanquished Creatures
  A two-headed ogre (D:7)
  Pikel (D:7)
  Jeremiah (D:6)
  Prince Ribbit (D:9)
  A troll (D:9)
  Grinder (D:5)
  2 shadows
  A vampire (D:9)
  6 yaks (D:9)
  2 steam dragons
  4 water moccasins
  2 orc warriors
  A black bear (D:4)
  An ice beast (D:4)
  A sky beast (D:7)
  3 ogres
  3 centaurs
  A lemure (D:7)
  A phantom (D:5)
  2 kobold brigands
  4 gnoll sergeants
  3 bullfrogs
  5 scorpions
  A burial acolyte (Ossuary)
  10 wights
  A killer bee (D:9)
  A howler monkey (D:4)
  3 bombardier beetles
  3 jellies
  A gnoll bouda (D:7)
  8 orc priests
  7 hounds
  A sleepcap (D:5)
  3 iguanas
  6 orc wizards
  A mummy (D:6)
  22 gnolls
  12 adders
  6 ufetubi
  An adder skeleton (Ossuary)
  3 ribbon worms
  34 orcs
  4 endoplasms
  2 giant cockroaches
  7 goblins
  6 hobgoblins
  3 jackals
  4 quokkas (D:1)
  5 ball pythons
  4 ball python skeletons (Ossuary)
  5 bats
  4 frilled lizards
  11 kobolds
  3 kobold skeletons (Ossuary)
  9 rats
239 creatures vanquished.

Vanquished Creatures (others)
  3 gnolls (D:8)
3 creatures vanquished.

Grand Total: 242 creatures vanquished

Notes
Turn   | Place    | Note
-------+----------+-------------------------------------------
     0 | D:1      | Ega the Troll Fighter began the quest for the Orb.
     0 | D:1      | Reached XP level 1. HP: 22/22 MP: 0/0
   201 | D:1      | Found Piyrcha's General Store.
   218 | D:1      | Reached XP level 2. HP: 29/29 MP: 1/1
   798 | D:1      | Reached XP level 3. HP: 36/36 MP: 2/2
  1052 | D:2      | Reached skill level 3 in Unarmed Combat
  1063 | D:2      | Noticed a scorpion
  1079 | D:2      | Killed a scorpion
  1080 | D:2      | Reached XP level 4. HP: 22/45 MP: 3/3
  1474 | D:3      | Reached XP level 5. HP: 51/53 MP: 4/4
  1487 | D:3      | Found a sacrificial altar of Ru.
  1489 | D:3      | Found a hazy altar of Hepliaklqana.
  1813 | D:3      | Reached skill level 4 in Unarmed Combat
  2026 | D:4      | Reached XP level 6. HP: 44/61 MP: 5/5
  2170 | D:4      | Found Telu's Jewellery Emporium.
  2181 | D:4      | Noticed an ice beast
  2197 | D:4      | Killed an ice beast
  2259 | D:4      | Reached skill level 5 in Unarmed Combat
  2259 | D:4      | Reached XP level 7. HP: 30/67 MP: 6/6
  2561 | D:4      | Found Emut's Jewellery Boutique.
  2676 | D:4      | Reached skill level 6 in Unarmed Combat
  2829 | D:4      | Found Fenyeffouf's Book Emporium.
  2921 | D:4      | Found a bloodstained altar of Trog.
  2937 | D:4      | Reached XP level 8. HP: 60/78 MP: 7/7
  2982 | D:4      | Noticed an angel
  2983 | D:4      | Found a glowing silver altar of Zin.
  2991 | D:4      | Found Peklaaca's Distillery.
  3295 | D:5      | Entered Level 5 of the Dungeon
  3315 | D:5      | Found a basalt altar of Yredelemnul.
  3654 | D:5      | Found a staircase to the Ecumenical Temple.
  3655 | D:5      | Noticed Grinder
  3657 | D:5      | Paralysed by Grinder for 5 turns
  3666 | D:5      | Killed Grinder
  3667 | D:5      | Reached skill level 5 in Shields
  3667 | D:5      | Reached skill level 7 in Unarmed Combat
  3672 | Temple   | Entered the Ecumenical Temple
  3884 | D:5      | Found an ornate altar of the Wu Jian Council.
  3904 | D:5      | Became a worshipper of the Wu Jian Council
  4044 | D:5      | Reached skill level 5 in Dodging
  4044 | D:5      | Reached XP level 9. HP: 80/87 MP: 8/8
  4045 | D:5      | Reached skill level 5 in Fighting
  4114 | D:5      | Reached skill level 8 in Unarmed Combat
  4389 | D:6      | Found a sand-covered staircase.
  4396 | Ossuary  | Entered an ossuary
  4459 | Ossuary  | Reached * piety under Wu Jian
  5387 | D:6      | Noticed Jeremiah
  5421 | D:6      | Killed Jeremiah
  5485 | D:6      | Reached skill level 9 in Unarmed Combat
  5859 | D:6      | You fall into a shaft and drop 1 floor!
  5864 | D:7      | Noticed Pikel
  5885 | D:7      | Killed Pikel
  6011 | D:7      | Reached XP level 10. HP: 80/98 MP: 9/9
  6132 | D:7      | Reached ** piety under Wu Jian
  6511 | D:7      | Noticed a two-headed ogre
  6517 | D:7      | Killed a two-headed ogre
  6529 | D:7      | Reached skill level 10 in Unarmed Combat
  7446 | D:8      | Found a shimmering blue altar of Sif Muna.
  7820 | D:8      | Found Gesiu's Jewellery Shop.
  7964 | D:9      | Noticed Prince Ribbit
  7971 | D:9      | Killed Prince Ribbit
  8027 | D:9      | Learned a level 2 spell: Blink
  8168 | D:9      | Reached skill level 1 in Translocations
  8280 | D:9      | Noticed Gastronok
  8585 | D:9      | Reached skill level 1 in Spellcasting
  8655 | D:9      | Found a blossoming altar of Fedhas.
  8995 | D:10     | Entered Level 10 of the Dungeon
  9006 | D:10     | Reached *** piety under Wu Jian
  9050 | D:10     | Reached XP level 11. HP: 107/107 MP: 11/11
  9114 | D:10     | Found a runed translucent gate.
  9114 | D:10     | Found a runed translucent gate.
  9114 | D:10     | Found a runed translucent gate.
  9115 | D:10     | Noticed an 11-headed hydra
  9118 | D:10     | Noticed Longtemps's ghost (novice OpFE)
  9170 | D:10     | Noticed a two-headed ogre
  9186 | D:10     | HP: 3/107 [two-headed ogre/+0 giant spiked club (30)]
  9186 | D:10     | Annihilated by a two-headed ogre

Illustrated notes

Levels and vault maps discovered:
D:1:      tarquinn_simple_flora_water_f, layout_loops_ring, serial_shops,
          nicolae_shop_tiny_statue_garden
D:2:      layout_rooms
D:3:      layout_rooms, jmf_multi_god_temple
D:4:      layout_rooms, lemuel_round_altar, zin_angel, serial_shops,
          nicolae_shop_tiny_statue_garden, nicolae_shop_hallway_plus,
          nicolae_shop_industrial_runoff, shop, dk_noncrumbling_2
D:5:      layout_loops_ring, mainiacjoe_overflow_catwalk, kennysheep_little_box,
          minmay_temple_entry_glass, minmay_pentangle, uniq_grinder
D:6:      layout_loops_cross, gup_ossuary_entry_pyramid, uniq_jeremiah
D:7:      layout_basic, st_stairs_8, uniq_pikel
D:8:      layout_cave_pools, mainiacjoe_overflow_paths, serial_shops, shop
D:9:      layout_irregular_city, mainiacjoe_overflow_alcove_2,
          minmay_fountain_box, uniq_prince_ribbit1, uniq_gastronok
D:10:     layout_roguey, erik_lair_dragon, gammafunk_ghost_hydra_chop
Temple:   compressed_dpeg_circular_temple

Skill      XL: |  1  2  3  4  5  6  7  8  9 10 |
---------------+-------------------------------+-----
Shields        | 3 4 5 6 7 |  7.3
Unarmed Combat | 3 4 5 6 7 9 10 | 10.8
Fighting       | 3 4 5 6 |  6.7
Dodging        | 3 4 5 6 |  6.7
Translocations | 1 |  1.4
Spellcasting   | 1 |  1.2

Action                     |  1- 3 |  4- 6 |  7- 9 | 10-12 || total
---------------------------+-------+-------+-------+-------++-------
  Melee: Unarmed           |   106 |   127 |   294 |   204 ||   731
  Throw: Stone             |     1 |     5 |       |       ||     6
Ability: Lunge             |       |       |    17 |    27 ||    44
         Whirlwind         |       |       |     9 |    10 ||    19
    Use: Scroll            |       |       |       |    16 ||    16
   Stab: Sleeping          |       |       |     5 |       ||     5
         Distracted        |       |       |     1 |       ||     1
 Armour: Robe              |    44 |    68 |   138 |   101 ||   351
  Dodge: Dodged            |    28 |    56 |    73 |    53 ||   210
  Block: Kite shield       |    36 |    63 |    84 |    82 ||   265
